Senators vs Monarchs
Created - March 4, 2021 at 19:38
Goals
|
Senators |
1 |
1 |
3 |
0 |
2 |
6 |
Monarchs |
1 |
3 |
1 |
0 |
0 |
5 |
|
Shots
|
Senators |
13 |
9 |
12 |
1 |
3 |
35 |
Monarchs |
10 |
18 |
6 |
0 |
2 |
34 |
|
1st period
1. Senators , Jonathan Ferland 35 (Dylan Blujus 17, Jordan Schroeder 23) at 2:13 (PP)
2. Monarchs , Nicholas Baptiste 13 (Jacob Josefson 5) at 13:35
Penalties :
Andy Andreoff (MAN) for Interference (Minor) at 1:59, Anthony Richard (BIN) for Hooking (Minor) at 7:11, Max Domi (MAN) for Hooking (Minor) at 16:24, Brett Bulmer (BIN) for Holding (Minor) at 18:49
2nd period
3. Senators , Philippe Myers 1 (Tomas Jurco 23, Zemgus Girgensons 12) at 7:38
4. Monarchs , Zach Werenski 16 (Mikko Rantanen 26) at 8:26 (PP)
5. Monarchs , Alex Iafallo 13 (Riley Armstrong 21, Travis Konecny 25) at 9:57
6. Monarchs , Nicholas Baptiste 14 (Jacob Josefson 6, Jeff Petry 6) at 16:42
Penalties :
Tomas Jurco (BIN) for Hooking (Minor) at 8:11, Max Domi (MAN) for Interference (Minor) at 10:57, Jordan Schroeder (BIN) for Hooking (Minor) at 19:49
3rd period
7. Senators , Kevin Rooney 10 (Jack Dougherty 6) at 2:28 (PP)
8. Monarchs , Travis Konecny 25 (Zach Werenski 45, Alex Iafallo 25) at 5:31
9. Senators , Chandler Stephenson 9 (Zachary Sanford 16, Keegan Lowe 30) at 10:55
10. Senators , Jordan Schroeder 21 (Jonathan Ferland 47, Nick Foligno 32) at 14:21
Penalties :
Travis Konecny (MAN) for Holding (Minor) at 1:11
Overtime #1
No Goal
Penalties :
No Penalty
Shootout
Senators, Jonathan Ferland - Stopped by Alexandar Georgiev
Monarchs , Travis Konecny - Shot Misses the Net
Senators, Nick Foligno - Goal!
Monarchs , Mikko Rantanen - Stopped by Justin Peters
Senators, Tomas Jurco - Goal!
Penalties :
No Penalty
Goalie Stats
Justin Peters (BIN), 29 saves from 34 shots - (0.853), W, 22-23-3, 65:00 minutes
Alexandar Georgiev (MAN), 30 saves from 35 shots - (0.857), OTL, 14-14-6, 65:00 minutes
Players Stats for Senators
Player Name G A P +/- PIM S H SB GA TA FO MP PP MP PK MP
------------------------------------------------------------------------------------
A.J. Jenks 0 0 0 -1 0 4 0 0 0 0 0/0 8:47 0:00 0:00
Adam Ollas-Mattsson 0 0 0 0 0 1 0 0 0 1 0/0 12:25 0:00 0:00
Anthony Richard 0 0 0 -1 2 0 0 0 0 0 1/3 9:03 0:00 0:00
Brett Bulmer 0 0 0 -1 2 0 0 0 0 0 0/0 9:01 0:00 0:00
Chandler Stephenson 1 0 1 1 0 2 0 1 0 0 3/4 9:31 0:00 0:00
Dylan Blujus 0 1 1 1 0 1 4 2 0 2 0/0 29:09 2:35 3:43
Eric Mestery 0 0 0 0 0 0 0 0 0 0 0/0 0:00 0:00 0:00
Grant Besse 0 0 0 1 0 0 0 1 0 0 0/0 9:57 0:01 0:00
Jack Dougherty 0 1 1 -2 0 0 0 1 0 1 0/0 21:03 2:17 1:52
Jake Evans 0 0 0 0 0 0 0 0 0 0 0/0 2:21 0:05 0:00
Joel Eriksson Ek 0 0 0 0 0 0 0 0 0 0 0/0 1:31 0:00 0:04
Jonathan Ferland 1 1 2 0 0 2 3 0 1 1 6/10 24:53 2:25 3:51
Joonas Lyytinen 0 0 0 0 0 1 1 0 0 0 0/0 12:21 0:00 0:00
Jordan Schroeder 1 1 2 0 2 6 1 0 0 0 14/32 17:55 2:29 0:00
Keegan Lowe 0 1 1 1 0 0 0 3 1 0 0/0 30:27 2:35 3:43
Kevin Rooney 1 0 1 -1 0 3 0 0 1 0 7/15 15:51 2:22 0:00
Kyle Connor 0 0 0 0 0 0 0 0 0 0 0/0 2:54 0:05 0:00
Mason Geertsen 0 0 0 0 0 0 0 0 0 0 0/0 2:38 0:00 0:00
Nathan Gerbe 0 0 0 0 0 0 0 0 0 0 0/0 0:00 0:00 0:00
Nick Foligno 0 1 1 0 0 2 5 0 0 1 0/1 24:53 2:25 3:51
Philippe Myers 1 0 1 -2 0 1 1 2 0 0 0/0 20:57 2:17 1:52
Scott Harrington 0 0 0 0 0 0 0 0 0 0 0/0 1:00 0:00 0:00
Tomas Jurco 0 1 1 -1 2 2 3 0 2 0 1/1 18:15 2:22 1:40
Zachary Sanford 0 1 1 1 0 1 2 1 2 0 0/0 9:46 0:00 0:00
Zemgus Girgensons 0 1 1 -1 0 9 5 0 2 0 1/1 19:06 2:22 1:44
Players Stats for Monarchs
Player Name G A P +/- PIM S H SB GA TA FO MP PP MP PK MP
------------------------------------------------------------------------------------
Alex Iafallo 1 1 2 2 0 3 0 0 0 0 1/3 17:56 2:15 0:00
Andy Andreoff 0 0 0 -1 2 2 3 1 0 0 1/2 9:33 0:00 1:09
Benn Ferriero 0 0 0 0 0 0 1 0 0 0 2/4 3:17 0:00 2:55
Daultan Leveillé 0 0 0 -1 0 2 2 2 0 1 13/26 22:38 2:15 0:58
Jacob Josefson 0 2 2 1 0 4 0 1 0 0 4/6 11:09 0:00 0:43
Jeff Petry 0 1 1 1 0 2 0 2 0 0 0/0 11:35 0:00 2:07
Jordan Greenway 0 0 0 -1 0 0 0 0 0 1 0/0 6:09 0:00 0:00
Josh Anderson 0 0 0 -1 0 0 0 0 0 0 0/0 6:09 0:00 0:00
Josh Manson 0 0 0 1 0 0 1 0 0 1 0/0 22:17 0:00 2:44
Kurtis Macdermid 0 0 0 0 0 0 0 0 0 0 0/0 4:43 0:00 0:00
Markus Nutivaara 0 0 0 -1 0 1 3 2 0 1 0/0 22:24 3:18 0:31
Matt Roy 0 0 0 0 0 0 0 0 0 0 0/0 4:58 0:00 0:00
Max Domi 0 0 0 -1 4 2 2 0 0 0 3/4 23:03 3:20 0:00
Mikko Rantanen 0 1 1 -1 0 3 0 0 3 0 2/6 21:46 3:20 0:01
Nicholas Baptiste 2 0 2 1 0 6 3 0 1 0 0/1 14:46 2:15 1:13
Noah Hanifin 0 0 0 1 0 1 0 1 0 1 0/0 13:30 2:17 0:00
Riley Armstrong 0 1 1 2 0 1 0 0 0 1 8/13 15:05 0:00 0:00
Roman Josi 0 0 0 -1 0 0 0 3 1 2 0/0 24:44 2:17 2:14
Teemu Hartikainen 0 0 0 1 0 0 2 1 0 0 0/0 12:31 0:00 2:45
Travis Konecny 1 1 2 2 2 3 2 0 1 0 0/2 20:25 3:19 0:00
Zach Werenski 1 1 2 1 0 4 0 1 0 1 0/0 25:49 3:18 2:08
3 Stars
1 - Nicholas Baptiste (MAN)
2 - Jonathan Ferland (BIN)
3 - Alex Iafallo (MAN)
Power Play
Senators - 2 on 4 Attempt(s) - 50.00%
Monarchs - 1 on 4 Attempt(s) - 25.00%
Penalty Kill
Senators - 3 on 4 Attempt(s) - 75.00%
- Score 0 goal in Penalty Kill
Monarchs - 2 on 4 Attempt(s) - 50.00%
- Score 0 goal in Penalty Kill
Team Stat
Senators - Hits : 25 - Faceoff Wins : 33 - Blocked Shots : 11 - Penalty Minutes : 8
Monarchs - Hits : 19 - Faceoff Wins : 34 - Blocked Shots : 14 - Penalty Minutes : 8
Official
Referees : Unknown
Linesman : Unknown
Game Notes
No Game Note
Finance
Level 1 -- Attendance: 2000 (100.00%) -- Ticket Income $50,000
Level 2 -- Attendance: 1000 (100.00%) -- Ticket Income $10,000
Total Attendance: 3000 (100.00%)
Total Ticket Income: $60,000
Other Income: $3,000
Total Income: $63,000
Senators
5 vs 5 Forward
Center Left Wing Right Wing Time % Phy DF OF
1 Jordan Schroeder Nick Foligno Jonathan Ferland 40 1 2 2
2 Kevin Rooney Zemgus Girgensons Tomas Jurco 30 1 2 2
3 Chandler Stephenson Zachary Sanford Grant Besse 20 1 2 2
4 Anthony Richard A.J. Jenks Brett Bulmer 10 1 2 2
5 vs 5 Defense
Defense Defense Time % Phy DF OF
1 Keegan Lowe Dylan Blujus 40 1 2 2
2 Jack Dougherty Philippe Myers 30 1 2 2
3 Joonas Lyytinen Adam Ollas-Mattsson 20 1 2 2
4 Mason Geertsen Keegan Lowe 10 1 2 2
PowerPlay Forward
Center Left Wing Right Wing Time % Phy DF OF
1 Jordan Schroeder Nick Foligno Jonathan Ferland 60 1 2 2
2 Kevin Rooney Zemgus Girgensons Tomas Jurco 40 1 2 2
PowerPlay Defense
Defense Defense Time % Phy DF OF
1 Keegan Lowe Dylan Blujus 60 1 2 2
2 Jack Dougherty Philippe Myers 40 1 2 2
Penalty Kill 4 Players Forward
Center Wing Time % Phy DF OF
1 Jonathan Ferland Nick Foligno 60 1 2 2
2 Tomas Jurco Zemgus Girgensons 40 1 2 2
Penalty Kill 4 Players Defense
Defense Defense Time % Phy DF OF
1 Keegan Lowe Dylan Blujus 60 1 2 2
2 Jack Dougherty Philippe Myers 40 1 2 2
Penalty Kill - 3 Players Forward
Forward Time % Phy DF OF
1 Jonathan Ferland 60 1 2 2
2 Nick Foligno 40 1 2 2
Penalty Kill - 3 Players Defense
Defense Defense Time % Phy DF OF
1 Keegan Lowe Dylan Blujus 60 1 2 2
2 Jack Dougherty Philippe Myers 40 1 2 2
4 vs 4 Forward
Center Wing Time % Phy DF OF
1 Jonathan Ferland Nick Foligno 60 1 2 2
2 Tomas Jurco Zemgus Girgensons 40 1 2 2
4 vs 4 Defense
Defense Defense Time % Phy DF OF
1 Keegan Lowe Dylan Blujus 60 1 2 2
2 Jack Dougherty Philippe Myers 40 1 2 2
Last Minutes Offensive
Center Left Wing Right Wing Defense Defense
Jordan Schroeder Nick Foligno Jonathan Ferland Keegan Lowe Dylan Blujus
Last Minutes Defensive
Center Left Wing Right Wing Defense Defense
Jordan Schroeder Nick Foligno Jonathan Ferland Keegan Lowe Dylan Blujus
Goaltenders
Starting : Justin Peters
Backup : Sami Aittokallio
Extra Forwards
Normal : Kyle Connor, Jake Evans, Joel Eriksson Ek - PP : Kyle Connor, Jake Evans - PK : Joel Eriksson Ek
Extra Defensemen
Normal : Joonas Lyytinen, Adam Ollas-Mattsson, Mason Geertsen - PP : Joonas Lyytinen - PK : Adam Ollas-Mattsson, Mason Geertsen
Penalty Shots
Jonathan Ferland, Nick Foligno, Tomas Jurco, Zemgus Girgensons, Zachary Sanford
Scratches
Zach Nastasiuk (Healthy), Jonas Siegenthaler (Healthy), Blake Coleman (Healthy), Branden Troock (Healthy), Gustav Forsling (Healthy)
Warren Foegele (Healthy), Maxim Letunov (Healthy), Pontus Sjalin (Healthy), Keven Bouchard (Healthy)
Monarchs
5 vs 5 Forward
Center Left Wing Right Wing Time % Phy DF OF
1 Daultan Leveillé Max Domi Mikko Rantanen 40 1 2 2
2 Riley Armstrong Alex Iafallo Travis Konecny 35 1 2 2
3 Jacob Josefson Teemu Hartikainen Nicholas Baptiste 20 1 2 2
4 Andy Andreoff Jordan Greenway Josh Anderson 5 1 2 2
5 vs 5 Defense
Defense Defense Time % Phy DF OF
1 Josh Manson Zach Werenski 35 2 2 1
2 Roman Josi Markus Nutivaara 35 2 2 1
3 Jeff Petry Noah Hanifin 20 2 2 1
4 Kurtis Macdermid Matt Roy 10 2 2 1
PowerPlay Forward
Center Left Wing Right Wing Time % Phy DF OF
1 Mikko Rantanen Max Domi Travis Konecny 60 1 2 2
2 Daultan Leveillé Alex Iafallo Nicholas Baptiste 40 1 2 2
PowerPlay Defense
Defense Defense Time % Phy DF OF
1 Markus Nutivaara Zach Werenski 60 0 2 3
2 Noah Hanifin Roman Josi 40 0 2 3
Penalty Kill 4 Players Forward
Center Wing Time % Phy DF OF
1 Benn Ferriero Teemu Hartikainen 60 1 2 2
2 Daultan Leveillé Nicholas Baptiste 40 1 2 2
Penalty Kill 4 Players Defense
Defense Defense Time % Phy DF OF
1 Roman Josi Josh Manson 60 1 2 2
2 Jeff Petry Zach Werenski 40 1 2 2
Penalty Kill - 3 Players Forward
Forward Time % Phy DF OF
1 Daultan Leveillé 60 1 2 2
2 Benn Ferriero 40 1 2 2
Penalty Kill - 3 Players Defense
Defense Defense Time % Phy DF OF
1 Josh Manson Roman Josi 60 1 2 2
2 Jeff Petry Zach Werenski 40 1 2 2
4 vs 4 Forward
Center Wing Time % Phy DF OF
1 Max Domi Daultan Leveillé 60 1 2 2
2 Mikko Rantanen Travis Konecny 40 1 2 2
4 vs 4 Defense
Defense Defense Time % Phy DF OF
1 Roman Josi Zach Werenski 60 1 2 2
2 Josh Manson Markus Nutivaara 40 1 2 2
Last Minutes Offensive
Center Left Wing Right Wing Defense Defense
Daultan Leveillé Max Domi Mikko Rantanen Markus Nutivaara Zach Werenski
Last Minutes Defensive
Center Left Wing Right Wing Defense Defense
Daultan Leveillé Teemu Hartikainen Benn Ferriero Roman Josi Josh Manson
Goaltenders
Starting : Alexandar Georgiev
Backup : Jake Allen
Extra Forwards
Normal : Mikko Rantanen, Travis Konecny, Nicholas Baptiste - PP : Jordan Greenway, Riley Armstrong - PK : Nicholas Baptiste
Extra Defensemen
Normal : Zach Werenski, Josh Manson, Roman Josi - PP : Matt Roy - PK : Markus Nutivaara, Matt Roy
Penalty Shots
Travis Konecny, Mikko Rantanen, Daultan Leveillé, Alex Iafallo, Max Domi
Scratches
Jordan Weal (Healthy), Jacob Larsson (Healthy), Dmitri Orlov (Healthy), Blake Lizotte (Healthy), Bokondji Imama (Healthy)
Derek Forbort (Healthy), Curtis Lazar (Strained Right Elbow Injury), Cal Petersen (Healthy)
% Time on Ice - Senators
Lines # - Real PCT - Wanted PCT - Time Play
Normal Forward
1 - 35% - 40% - 17:12
2 - 27% - 30% - 13:26
3 - 19% - 20% - 9:31
4 - 18% - 10% - 8:47
Normal Defense
1 - 40% - 40% - 19:47
2 - 31% - 30% - 15:16
3 - 24% - 20% - 11:32
4 - 5% - 10% - 2:21
PP Forward
1 - 51% - 60% - 2:30
2 - 49% - 40% - 2:22
PP Defense
1 - 53% - 60% - 2:35
2 - 47% - 40% - 2:17
PK Forward
1 - 70% - 60% - 3:55
2 - 30% - 40% - 1:40
PK Defense
1 - 67% - 60% - 3:43
2 - 33% - 40% - 1:52
PK3 Forward
1 - 0% - 60%
2 - 0% - 40%
PK3 Defense
1 - 0% - 60%
2 - 0% - 40%
44 Forward
1 - 86% - 60% - 4:49
2 - 14% - 40% - 0:48
44 Defense
1 - 71% - 60% - 3:59
2 - 29% - 40% - 1:38
Last Minute Offensive - 0:00
Last Minute Defensive - 0:00
Total
Forward - 65:00
Defense - 65:00
|
% Time on Ice - Monarchs
Lines # - Real PCT - Wanted PCT - Time Play
Normal Forward
1 - 37% - 40% - 17:54
2 - 31% - 35% - 15:07
3 - 20% - 20% - 9:46
4 - 13% - 5% - 6:09
Normal Defense
1 - 35% - 35% - 17:21
2 - 36% - 35% - 17:46
3 - 19% - 20% - 9:06
4 - 10% - 10% - 4:43
PP Forward
1 - 60% - 60% - 3:20
2 - 40% - 40% - 2:15
PP Defense
1 - 59% - 60% - 3:18
2 - 41% - 40% - 2:17
PK Forward
1 - 80% - 60% - 3:55
2 - 20% - 40% - 0:57
PK Defense
1 - 57% - 60% - 2:45
2 - 43% - 40% - 2:07
PK3 Forward
1 - 0% - 60%
2 - 0% - 40%
PK3 Defense
1 - 0% - 60%
2 - 0% - 40%
44 Forward
1 - 92% - 60% - 5:09
2 - 8% - 40% - 0:28
44 Defense
1 - 61% - 60% - 3:25
2 - 39% - 40% - 2:12
Last Minute Offensive - 0:00
Last Minute Defensive - 0:00
Total
Forward - 65:00
Defense - 65:00
|
Play-by-Play
1st period
0:01 of 1st period - Jordan Schroeder wins face-off versus Daultan Leveillé in neutral zone.
0:12 of 1st period - Snap shot by Jordan Schroeder.
0:12 of 1st period - Deflect By Jonathan Ferland.
0:12 of 1st period - Shot Misses the Net.
0:12 of 1st period - Puck is out of play.
0:13 of 1st period - Riley Armstrong wins face-off versus Kevin Rooney in Monarchs zone.
1:33 of 1st period - Snap shot by A.J. Jenks.
1:33 of 1st period - Stopped by Alexandar Georgiev with a rebound.
1:53 of 1st period - Snap shot by Kevin Rooney.
1:53 of 1st period - Stopped by Alexandar Georgiev with a rebound.
1:59 of 1st period - Minor Penalty to Andy Andreoff for Interference.
2:00 of 1st period - Jordan Schroeder wins face-off versus Benn Ferriero in Monarchs zone.
2:09 of 1st period - Wrist shot by Jonathan Ferland.
2:09 of 1st period - Shot Misses the Net.
2:11 of 1st period - Slapshot by Dylan Blujus.
2:11 of 1st period - Shot Blocked by Teemu Hartikainen.
2:13 of 1st period - Wrist shot by Jonathan Ferland.
2:13 of 1st period - Goal by Jonathan Ferland - Senators : 1 - Monarchs : 0.
2:14 of 1st period - Jordan Schroeder wins face-off versus Alex Iafallo in neutral zone.
2:18 of 1st period - Off-side.
2:19 of 1st period - Riley Armstrong wins face-off versus Jordan Schroeder in neutral zone.
3:09 of 1st period - Slapshot by Zachary Sanford.
3:09 of 1st period - Shot Misses the Net.
4:03 of 1st period - Off-side.
4:04 of 1st period - Zemgus Girgensons wins face-off versus Daultan Leveillé in neutral zone.
4:30 of 1st period - Jack Dougherty is hit by Josh Manson and loses puck.
5:42 of 1st period - Icing by Travis Konecny.
5:43 of 1st period - Riley Armstrong wins face-off versus Jordan Schroeder in Monarchs zone.
5:56 of 1st period - Josh Manson is hit by Nick Foligno and loses puck.
6:19 of 1st period - Wrist shot by Max Domi.
6:19 of 1st period - Stopped by Justin Peters with a rebound.
6:21 of 1st period - Slapshot by Daultan Leveillé.
6:21 of 1st period - Shot Misses the Net.
6:31 of 1st period - Snap shot by Zachary Sanford.
6:31 of 1st period - Shot Blocked by Jacob Josefson.
7:11 of 1st period - Minor Penalty to Anthony Richard for Hooking.
7:12 of 1st period - Jonathan Ferland wins face-off versus Mikko Rantanen in Senators zone.
7:47 of 1st period - Backhand shot by Zemgus Girgensons.
7:47 of 1st period - Stopped by Alexandar Georgiev without a rebound.
7:48 of 1st period - Tomas Jurco wins face-off versus Nicholas Baptiste in Monarchs zone.
7:57 of 1st period - Slapshot by Daultan Leveillé.
7:57 of 1st period - Stopped by Justin Peters with a rebound.
7:59 of 1st period - Wrist shot by Daultan Leveillé.
7:59 of 1st period - Shot Misses the Net.
8:01 of 1st period - Slapshot by Roman Josi.
8:01 of 1st period - Shot Blocked by Philippe Myers.
8:03 of 1st period - Slapshot by Roman Josi.
8:03 of 1st period - Shot Misses the Net.
8:59 of 1st period - Jonathan Ferland is hit by Max Domi and loses puck.
9:11 of 1st period - Penalty to Anthony Richard is over, Anthony Richard is back on ice.
10:27 of 1st period - Snap shot by Zachary Sanford.
10:27 of 1st period - Shot Blocked by Daultan Leveillé.
10:39 of 1st period - Snap shot by Tomas Jurco.
10:39 of 1st period - Shot Misses the Net.
11:58 of 1st period - Snap shot by Nicholas Baptiste.
11:58 of 1st period - Stopped by Justin Peters with a rebound.
12:00 of 1st period - Wrist shot by Nicholas Baptiste.
12:00 of 1st period - Deflect By Jacob Josefson.
12:00 of 1st period - Stopped by Justin Peters with a rebound.
12:02 of 1st period - Wrist shot by Nicholas Baptiste.
12:02 of 1st period - Stopped by Justin Peters with a rebound.
12:04 of 1st period - Slapshot by Roman Josi.
12:04 of 1st period - Shot Misses the Net.
12:59 of 1st period - Snap shot by Travis Konecny.
12:59 of 1st period - Stopped by Justin Peters with a rebound.
13:33 of 1st period - Slapshot by Nicholas Baptiste.
13:33 of 1st period - Stopped by Justin Peters without a rebound.
13:34 of 1st period - Jacob Josefson wins face-off versus Jordan Schroeder in Senators zone.
13:35 of 1st period - Wrist shot by Nicholas Baptiste.
13:35 of 1st period - Goal by Nicholas Baptiste - Senators : 1 - Monarchs : 1.
13:36 of 1st period - Jordan Schroeder wins face-off versus Daultan Leveillé in neutral zone.
13:42 of 1st period - Icing by Markus Nutivaara.
13:43 of 1st period - Daultan Leveillé wins face-off versus Jordan Schroeder in Monarchs zone.
14:56 of 1st period - Backhand shot by A.J. Jenks.
14:56 of 1st period - Shot Blocked by Daultan Leveillé.
14:58 of 1st period - Wrist shot by A.J. Jenks.
14:58 of 1st period - Stopped by Alexandar Georgiev with a rebound.
15:07 of 1st period - Icing by Max Domi.
15:08 of 1st period - Jonathan Ferland wins face-off versus Daultan Leveillé in Monarchs zone.
15:43 of 1st period - Icing by Zemgus Girgensons.
15:44 of 1st period - Kevin Rooney wins face-off versus Riley Armstrong in Senators zone.
15:55 of 1st period - Wrist shot by Zemgus Girgensons.
15:55 of 1st period - Stopped by Alexandar Georgiev with a rebound.
15:57 of 1st period - Slapshot by Tomas Jurco.
15:57 of 1st period - Shot Blocked by Roman Josi.
16:03 of 1st period - Snap shot by Zemgus Girgensons.
16:03 of 1st period - Stopped by Alexandar Georgiev with a rebound.
16:11 of 1st period - Slapshot by Kevin Rooney.
16:11 of 1st period - Deflect By Markus Nutivaara.
16:11 of 1st period - Stopped by Alexandar Georgiev with a rebound.
16:13 of 1st period - Snap shot by Tomas Jurco.
16:13 of 1st period - Stopped by Alexandar Georgiev with a rebound.
16:15 of 1st period - Snap shot by Tomas Jurco.
16:15 of 1st period - Shot Misses the Net.
16:17 of 1st period - Snap shot by Zemgus Girgensons.
16:17 of 1st period - Stopped by Alexandar Georgiev with a rebound.
16:19 of 1st period - Slapshot by Adam Ollas-Mattsson.
16:19 of 1st period - Stopped by Alexandar Georgiev with a rebound.
16:21 of 1st period - Slapshot by Joonas Lyytinen.
16:21 of 1st period - Stopped by Alexandar Georgiev without a rebound.
16:22 of 1st period - Max Domi wins face-off versus Jonathan Ferland in Monarchs zone.
16:24 of 1st period - Minor Penalty to Max Domi for Hooking.
16:25 of 1st period - Benn Ferriero wins face-off versus Jordan Schroeder in Monarchs zone.
16:37 of 1st period - Snap shot by Nick Foligno.
16:37 of 1st period - Stopped by Alexandar Georgiev with a rebound.
17:53 of 1st period - Jacob Josefson is hit by Dylan Blujus and loses puck.
18:24 of 1st period - Penalty to Max Domi is over, Max Domi is back on ice.
18:26 of 1st period - Snap shot by Kyle Connor.
18:26 of 1st period - Shot Misses the Net.
18:32 of 1st period - Jake Evans is hit by Benn Ferriero and loses puck.
18:45 of 1st period - Backhand shot by Zach Werenski.
18:45 of 1st period - Stopped by Justin Peters without a rebound.
18:46 of 1st period - Alex Iafallo wins face-off versus Anthony Richard in Senators zone.
18:47 of 1st period - Slapshot by Travis Konecny.
18:47 of 1st period - Stopped by Justin Peters with a rebound.
18:49 of 1st period - Minor Penalty to Brett Bulmer for Holding.
18:50 of 1st period - Jonathan Ferland wins face-off versus Mikko Rantanen in Senators zone.
Goals for this period are 1 for Senators vs 1 for Monarchs .
Shots for this period are 13 for Senators vs 10 for Monarchs .
2nd period
0:01 of 2nd period - Jonathan Ferland wins face-off versus Mikko Rantanen in neutral zone.
0:34 of 2nd period - Snap shot by Nicholas Baptiste.
0:34 of 2nd period - Deflect By Daultan Leveillé.
0:34 of 2nd period - Stopped by Justin Peters with a rebound.
0:49 of 2nd period - Penalty to Brett Bulmer is over, Brett Bulmer is back on ice.
0:58 of 2nd period - Philippe Myers is hit by Travis Konecny and loses puck.
2:15 of 2nd period - Slapshot by Andy Andreoff.
2:15 of 2nd period - Stopped by Justin Peters without a rebound.
2:16 of 2nd period - Chandler Stephenson wins face-off versus Andy Andreoff in Senators zone.
2:25 of 2nd period - Wrist shot by Andy Andreoff.
2:25 of 2nd period - Shot Blocked by Dylan Blujus.
2:27 of 2nd period - Wrist shot by Andy Andreoff.
2:27 of 2nd period - Stopped by Justin Peters without a rebound.
2:28 of 2nd period - Jordan Schroeder wins face-off versus Max Domi in Senators zone.
2:53 of 2nd period - Travis Konecny is hit by Zemgus Girgensons and loses puck.
2:58 of 2nd period - Snap shot by Tomas Jurco.
2:58 of 2nd period - Shot Misses the Net.
3:34 of 2nd period - Wrist shot by Brett Bulmer.
3:34 of 2nd period - Shot Misses the Net.
3:45 of 2nd period - Icing by Brett Bulmer.
3:46 of 2nd period - Andy Andreoff wins face-off versus Jordan Schroeder in Senators zone.
3:57 of 2nd period - Off-side.
3:58 of 2nd period - Daultan Leveillé wins face-off versus Jordan Schroeder in neutral zone.
4:24 of 2nd period - Alex Iafallo is hit by Tomas Jurco and loses puck.
4:33 of 2nd period - Snap shot by Riley Armstrong.
4:33 of 2nd period - Stopped by Justin Peters without a rebound.
4:34 of 2nd period - Daultan Leveillé wins face-off versus Kevin Rooney in Senators zone.
4:49 of 2nd period - Wrist shot by Tomas Jurco.
4:49 of 2nd period - Stopped by Alexandar Georgiev with a rebound.
5:04 of 2nd period - Wrist shot by Riley Armstrong.
5:04 of 2nd period - Shot Misses the Net.
5:20 of 2nd period - Slapshot by Nicholas Baptiste.
5:20 of 2nd period - Deflect By Grant Besse.
5:20 of 2nd period - Stopped by Justin Peters with a rebound.
5:22 of 2nd period - Slapshot by Josh Manson.
5:22 of 2nd period - Shot Blocked by Grant Besse.
5:24 of 2nd period - Slapshot by Zach Werenski.
5:24 of 2nd period - Stopped by Justin Peters with a rebound.
5:42 of 2nd period - Snap shot by Max Domi.
5:42 of 2nd period - Shot Misses the Net.
6:30 of 2nd period - Wrist shot by Zemgus Girgensons.
6:30 of 2nd period - Shot Blocked by Noah Hanifin.
6:32 of 2nd period - Slapshot by Adam Ollas-Mattsson.
6:32 of 2nd period - Shot Blocked by Jeff Petry.
6:39 of 2nd period - Icing by Jeff Petry.
6:40 of 2nd period - Jacob Josefson wins face-off versus Chandler Stephenson in Monarchs zone.
6:56 of 2nd period - Slapshot by Max Domi.
6:56 of 2nd period - Shot Blocked by Philippe Myers.
7:36 of 2nd period - Wrist shot by Tomas Jurco.
7:36 of 2nd period - Shot Blocked by Roman Josi.
7:38 of 2nd period - Wrist shot by Philippe Myers.
7:38 of 2nd period - Goal by Philippe Myers - Senators : 2 - Monarchs : 1.
7:39 of 2nd period - Max Domi wins face-off versus Jordan Schroeder in neutral zone.
8:05 of 2nd period - Alex Iafallo is hit by Zemgus Girgensons and loses puck.
8:11 of 2nd period - Minor Penalty to Tomas Jurco for Hooking.
8:12 of 2nd period - Jonathan Ferland wins face-off versus Mikko Rantanen in Senators zone.
8:22 of 2nd period - Snap shot by Zach Werenski.
8:22 of 2nd period - Stopped by Justin Peters without a rebound.
8:23 of 2nd period - Mikko Rantanen wins face-off versus Nick Foligno in Senators zone.
8:24 of 2nd period - Slapshot by Zach Werenski.
8:24 of 2nd period - Shot Blocked by Keegan Lowe.
8:26 of 2nd period - Wrist shot by Zach Werenski.
8:26 of 2nd period - Goal by Zach Werenski - Senators : 2 - Monarchs : 2.
8:27 of 2nd period - Daultan Leveillé wins face-off versus Jordan Schroeder in neutral zone.
9:55 of 2nd period - Backhand shot by Riley Armstrong.
9:55 of 2nd period - Shot Misses the Net.
9:57 of 2nd period - Backhand shot by Alex Iafallo.
9:57 of 2nd period - Goal by Alex Iafallo - Senators : 2 - Monarchs : 3.
9:58 of 2nd period - Jordan Schroeder wins face-off versus Daultan Leveillé in neutral zone.
10:16 of 2nd period - Icing by Markus Nutivaara.
10:17 of 2nd period - Daultan Leveillé wins face-off versus Kevin Rooney in Monarchs zone.
10:17 of 2nd period - Daultan Leveillé is hit by Tomas Jurco.
10:26 of 2nd period - Off-side.
10:27 of 2nd period - Kevin Rooney wins face-off versus Travis Konecny in neutral zone.
10:52 of 2nd period - Slapshot by Zemgus Girgensons.
10:52 of 2nd period - Stopped by Alexandar Georgiev with a rebound.
10:54 of 2nd period - Slapshot by Zemgus Girgensons.
10:54 of 2nd period - Stopped by Alexandar Georgiev without a rebound.
10:55 of 2nd period - Daultan Leveillé wins face-off versus Jordan Schroeder in Monarchs zone.
10:57 of 2nd period - Minor Penalty to Max Domi for Interference.
10:58 of 2nd period - Benn Ferriero wins face-off versus Jordan Schroeder in Monarchs zone.
11:32 of 2nd period - Snap shot by Zemgus Girgensons.
11:32 of 2nd period - Shot Misses the Net.
12:57 of 2nd period - Penalty to Max Domi is over, Max Domi is back on ice.
13:23 of 2nd period - Anthony Richard is hit by Daultan Leveillé and loses puck.
13:34 of 2nd period - Wrist shot by Mikko Rantanen.
13:34 of 2nd period - Stopped by Justin Peters with a rebound.
14:07 of 2nd period - Kevin Rooney is hit by Markus Nutivaara and loses puck.
14:54 of 2nd period - Off-side.
14:55 of 2nd period - Jacob Josefson wins face-off versus Kevin Rooney in neutral zone.
15:08 of 2nd period - Snap shot by Zemgus Girgensons.
15:08 of 2nd period - Stopped by Alexandar Georgiev with a rebound.
15:28 of 2nd period - Slapshot by Jordan Schroeder.
15:28 of 2nd period - Stopped by Alexandar Georgiev with a rebound.
15:46 of 2nd period - Slapshot by Alex Iafallo.
15:46 of 2nd period - Stopped by Justin Peters without a rebound.
15:47 of 2nd period - Chandler Stephenson wins face-off versus Riley Armstrong in Senators zone.
16:03 of 2nd period - Backhand shot by Travis Konecny.
16:03 of 2nd period - Deflect By Alex Iafallo.
16:03 of 2nd period - Stopped by Justin Peters with a rebound.
16:13 of 2nd period - Mikko Rantanen is hit by Nick Foligno and loses puck.
16:22 of 2nd period - Wrist shot by Nick Foligno.
16:22 of 2nd period - Stopped by Alexandar Georgiev with a rebound.
16:24 of 2nd period - Slapshot by Joonas Lyytinen.
16:24 of 2nd period - Shot Blocked by Jeff Petry.
16:36 of 2nd period - Wrist shot by Jacob Josefson.
16:36 of 2nd period - Shot Misses the Net.
16:38 of 2nd period - Slapshot by Jeff Petry.
16:38 of 2nd period - Stopped by Justin Peters with a rebound.
16:40 of 2nd period - Slapshot by Jacob Josefson.
16:40 of 2nd period - Stopped by Justin Peters with a rebound.
16:42 of 2nd period - Slapshot by Nicholas Baptiste.
16:42 of 2nd period - Goal by Nicholas Baptiste - Senators : 2 - Monarchs : 4.
16:43 of 2nd period - Jordan Schroeder wins face-off versus Daultan Leveillé in neutral zone.
16:46 of 2nd period - Josh Manson is hit by Nick Foligno and loses puck.
17:00 of 2nd period - Zach Werenski is hit by Jonathan Ferland.
17:10 of 2nd period - Travis Konecny is hit by Tomas Jurco and loses puck.
17:17 of 2nd period - Snap shot by Kevin Rooney.
17:17 of 2nd period - Shot Misses the Net.
17:35 of 2nd period - Slapshot by Zach Werenski.
17:35 of 2nd period - Shot Blocked by Chandler Stephenson.
17:37 of 2nd period - Wrist shot by Jacob Josefson.
17:37 of 2nd period - Stopped by Justin Peters with a rebound.
17:39 of 2nd period - Snap shot by Teemu Hartikainen.
17:39 of 2nd period - Shot Blocked by Zachary Sanford.
17:41 of 2nd period - Slapshot by Josh Manson.
17:41 of 2nd period - Deflect By Nicholas Baptiste.
17:41 of 2nd period - Shot Misses the Net.
17:41 of 2nd period - Puck is out of play.
17:42 of 2nd period - Daultan Leveillé wins face-off versus Jordan Schroeder in Senators zone.
17:49 of 2nd period - Roman Josi is hit by Nick Foligno and loses puck.
17:56 of 2nd period - Wrist shot by Jordan Schroeder.
17:56 of 2nd period - Stopped by Alexandar Georgiev with a rebound.
17:58 of 2nd period - Slapshot by Dylan Blujus.
17:58 of 2nd period - Deflect By Jonathan Ferland.
17:58 of 2nd period - Shot Misses the Net.
17:58 of 2nd period - Puck is out of play.
17:59 of 2nd period - Riley Armstrong wins face-off versus Kevin Rooney in Monarchs zone.
18:12 of 2nd period - Slapshot by Markus Nutivaara.
18:12 of 2nd period - Stopped by Justin Peters without a rebound.
18:13 of 2nd period - Jordan Schroeder wins face-off versus Daultan Leveillé in Senators zone.
18:38 of 2nd period - Markus Nutivaara is hit by Dylan Blujus and loses puck.
18:51 of 2nd period - Slapshot by Dylan Blujus.
18:51 of 2nd period - Stopped by Alexandar Georgiev with a rebound.
19:19 of 2nd period - Icing by Adam Ollas-Mattsson.
19:20 of 2nd period - Jacob Josefson wins face-off versus Jordan Schroeder in Senators zone.
19:27 of 2nd period - Snap shot by Jacob Josefson.
19:27 of 2nd period - Stopped by Justin Peters without a rebound.
19:28 of 2nd period - Jordan Schroeder wins face-off versus Daultan Leveillé in Senators zone.
19:49 of 2nd period - Minor Penalty to Jordan Schroeder for Hooking.
19:50 of 2nd period - Jonathan Ferland wins face-off versus Travis Konecny in Senators zone.
Goals for this period are 1 for Senators vs 3 for Monarchs .
Shots for this period are 9 for Senators vs 18 for Monarchs .
3rd period
0:01 of 3rd period - Mikko Rantanen wins face-off versus Jonathan Ferland in neutral zone.
0:26 of 3rd period - Dylan Blujus is hit by Nicholas Baptiste and loses puck.
0:45 of 3rd period - Philippe Myers is hit by Travis Konecny and loses puck.
1:11 of 3rd period - Minor Penalty to Travis Konecny for Holding.
1:12 of 3rd period - Daultan Leveillé wins face-off versus Jonathan Ferland in Monarchs zone.
1:49 of 3rd period - Penalty to Jordan Schroeder is over, Jordan Schroeder is back on ice.
1:55 of 3rd period - Off-side.
1:56 of 3rd period - Kevin Rooney wins face-off versus Benn Ferriero in neutral zone.
2:03 of 3rd period - Snap shot by Zemgus Girgensons.
2:03 of 3rd period - Shot Blocked by Markus Nutivaara.
2:05 of 3rd period - Snap shot by Zemgus Girgensons.
2:05 of 3rd period - Stopped by Alexandar Georgiev with a rebound.
2:28 of 3rd period - Snap shot by Kevin Rooney.
2:28 of 3rd period - Goal by Kevin Rooney - Senators : 3 - Monarchs : 4.
2:29 of 3rd period - Jordan Schroeder wins face-off versus Daultan Leveillé in neutral zone.
2:36 of 3rd period - Snap shot by Jonathan Ferland.
2:36 of 3rd period - Shot Misses the Net.
2:38 of 3rd period - Wrist shot by Jordan Schroeder.
2:38 of 3rd period - Stopped by Alexandar Georgiev without a rebound.
2:39 of 3rd period - Jordan Schroeder wins face-off versus Daultan Leveillé in Monarchs zone.
2:48 of 3rd period - Wrist shot by Jonathan Ferland.
2:48 of 3rd period - Shot Misses the Net.
2:54 of 3rd period - Wrist shot by Jordan Schroeder.
2:54 of 3rd period - Shot Blocked by Zach Werenski.
2:56 of 3rd period - Wrist shot by Jordan Schroeder.
2:56 of 3rd period - Stopped by Alexandar Georgiev without a rebound.
2:57 of 3rd period - Riley Armstrong wins face-off versus Kevin Rooney in Monarchs zone.
2:59 of 3rd period - Icing by Alex Iafallo.
3:00 of 3rd period - Kevin Rooney wins face-off versus Riley Armstrong in Monarchs zone.
3:35 of 3rd period - Wrist shot by Jonathan Ferland.
3:35 of 3rd period - Deflect By Jordan Schroeder.
3:35 of 3rd period - Stopped by Alexandar Georgiev with a rebound.
3:51 of 3rd period - Slapshot by Zachary Sanford.
3:51 of 3rd period - Stopped by Alexandar Georgiev without a rebound.
3:52 of 3rd period - Kevin Rooney wins face-off versus Alex Iafallo in Monarchs zone.
4:14 of 3rd period - Icing by Philippe Myers.
4:15 of 3rd period - Kevin Rooney wins face-off versus Daultan Leveillé in Senators zone.
4:48 of 3rd period - Daultan Leveillé is hit by Dylan Blujus and loses puck.
5:05 of 3rd period - Wrist shot by Mikko Rantanen.
5:05 of 3rd period - Stopped by Justin Peters with a rebound.
5:19 of 3rd period - Wrist shot by Max Domi.
5:19 of 3rd period - Stopped by Justin Peters without a rebound.
5:20 of 3rd period - Riley Armstrong wins face-off versus Kevin Rooney in Senators zone.
5:29 of 3rd period - Slapshot by Travis Konecny.
5:29 of 3rd period - Shot Misses the Net.
5:31 of 3rd period - Snap shot by Travis Konecny.
5:31 of 3rd period - Goal by Travis Konecny - Senators : 3 - Monarchs : 5.
5:32 of 3rd period - Riley Armstrong wins face-off versus Kevin Rooney in neutral zone.
5:57 of 3rd period - Zemgus Girgensons is hit by Andy Andreoff and loses puck.
6:02 of 3rd period - Slapshot by Markus Nutivaara.
6:02 of 3rd period - Shot Blocked by Keegan Lowe.
6:16 of 3rd period - Markus Nutivaara is hit by Zemgus Girgensons and loses puck.
6:23 of 3rd period - Kevin Rooney is hit by Andy Andreoff.
6:39 of 3rd period - Slapshot by Jeff Petry.
6:39 of 3rd period - Stopped by Justin Peters without a rebound.
6:40 of 3rd period - Jordan Schroeder wins face-off versus Riley Armstrong in Senators zone.
7:05 of 3rd period - Grant Besse is hit by Daultan Leveillé and loses puck.
7:10 of 3rd period - Snap shot by Mikko Rantanen.
7:10 of 3rd period - Shot Misses the Net.
7:12 of 3rd period - Snap shot by Max Domi.
7:12 of 3rd period - Shot Misses the Net.
7:14 of 3rd period - Wrist shot by Markus Nutivaara.
7:14 of 3rd period - Shot Misses the Net.
7:24 of 3rd period - A.J. Jenks is hit by Nicholas Baptiste.
7:30 of 3rd period - Snap shot by A.J. Jenks.
7:30 of 3rd period - Stopped by Alexandar Georgiev with a rebound.
7:51 of 3rd period - Slapshot by Riley Armstrong.
7:51 of 3rd period - Deflect By Travis Konecny.
7:51 of 3rd period - Shot Misses the Net.
7:51 of 3rd period - Puck is out of play.
7:52 of 3rd period - Daultan Leveillé wins face-off versus Jordan Schroeder in Senators zone.
8:17 of 3rd period - Riley Armstrong is hit by Jordan Schroeder and loses puck.
9:15 of 3rd period - Jeff Petry is hit by Dylan Blujus and loses puck.
10:53 of 3rd period - Wrist shot by Chandler Stephenson.
10:53 of 3rd period - Stopped by Alexandar Georgiev with a rebound.
10:55 of 3rd period - Snap shot by Chandler Stephenson.
10:55 of 3rd period - Goal by Chandler Stephenson - Senators : 4 - Monarchs : 5.
10:56 of 3rd period - Daultan Leveillé wins face-off versus Jordan Schroeder in neutral zone.
10:58 of 3rd period - Off-side.
10:59 of 3rd period - Daultan Leveillé wins face-off versus Jordan Schroeder in neutral zone.
11:06 of 3rd period - Max Domi is hit by Jonathan Ferland and loses puck.
11:13 of 3rd period - Snap shot by Jordan Schroeder.
11:13 of 3rd period - Shot Misses the Net.
12:07 of 3rd period - Wrist shot by Andy Andreoff.
12:07 of 3rd period - Shot Misses the Net.
12:25 of 3rd period - Brett Bulmer is hit by Max Domi and loses puck.
12:44 of 3rd period - Travis Konecny is hit by Nick Foligno and loses puck.
12:51 of 3rd period - Slapshot by Jonathan Ferland.
12:51 of 3rd period - Stopped by Alexandar Georgiev without a rebound.
12:52 of 3rd period - Daultan Leveillé wins face-off versus Jordan Schroeder in Monarchs zone.
12:58 of 3rd period - Off-side.
12:59 of 3rd period - Jordan Schroeder wins face-off versus Daultan Leveillé in neutral zone.
13:23 of 3rd period - Snap shot by Mikko Rantanen.
13:23 of 3rd period - Stopped by Justin Peters without a rebound.
13:24 of 3rd period - Kevin Rooney wins face-off versus Riley Armstrong in Senators zone.
13:50 of 3rd period - Jacob Josefson is hit by Philippe Myers and loses puck.
13:59 of 3rd period - Grant Besse is hit by Teemu Hartikainen and loses puck.
14:12 of 3rd period - Max Domi is hit by Jonathan Ferland and loses puck.
14:21 of 3rd period - Snap shot by Jordan Schroeder.
14:21 of 3rd period - Goal by Jordan Schroeder - Senators : 5 - Monarchs : 5.
14:22 of 3rd period - Riley Armstrong wins face-off versus Jordan Schroeder in neutral zone.
15:10 of 3rd period - Zach Werenski is hit by Zachary Sanford and loses puck.
15:48 of 3rd period - Off-side.
15:49 of 3rd period - Daultan Leveillé wins face-off versus Anthony Richard in neutral zone.
15:52 of 3rd period - Slapshot by Noah Hanifin.
15:52 of 3rd period - Stopped by Justin Peters without a rebound.
15:53 of 3rd period - Anthony Richard wins face-off versus Jacob Josefson in Senators zone.
15:53 of 3rd period - Anthony Richard is hit by Teemu Hartikainen.
16:41 of 3rd period - Brett Bulmer is hit by Markus Nutivaara and loses puck.
16:47 of 3rd period - Philippe Myers is hit by Markus Nutivaara and loses puck.
16:52 of 3rd period - Snap shot by Anthony Richard.
16:52 of 3rd period - Shot Misses the Net.
16:54 of 3rd period - Slapshot by Jack Dougherty.
16:54 of 3rd period - Shot Blocked by Markus Nutivaara.
16:58 of 3rd period - Snap shot by A.J. Jenks.
16:58 of 3rd period - Shot Blocked by Roman Josi.
17:00 of 3rd period - Snap shot by A.J. Jenks.
17:00 of 3rd period - Stopped by Alexandar Georgiev with a rebound.
17:24 of 3rd period - Slapshot by Travis Konecny.
17:24 of 3rd period - Shot Blocked by Jack Dougherty.
17:34 of 3rd period - Backhand shot by Anthony Richard.
17:34 of 3rd period - Deflect By A.J. Jenks.
17:34 of 3rd period - Shot Misses the Net.
17:34 of 3rd period - Puck is out of play.
17:35 of 3rd period - Chandler Stephenson wins face-off versus Jacob Josefson in Monarchs zone.
18:21 of 3rd period - Icing by Jacob Josefson.
18:22 of 3rd period - Jordan Schroeder wins face-off versus Daultan Leveillé in Monarchs zone.
18:47 of 3rd period - Jeff Petry is hit by Zachary Sanford and loses puck.
19:20 of 3rd period - Wrist shot by Travis Konecny.
19:20 of 3rd period - Shot Misses the Net.
19:34 of 3rd period - Slapshot by Kyle Connor.
19:34 of 3rd period - Shot Blocked by Andy Andreoff.
Goals for this period are 3 for Senators vs 1 for Monarchs .
Shots for this period are 12 for Senators vs 6 for Monarchs .
Overtime #1
0:01 of 1st overtime period - Max Domi wins face-off versus Jonathan Ferland in neutral zone.
0:04 of 1st overtime period - Slapshot by Zach Werenski.
0:04 of 1st overtime period - Shot Blocked by Dylan Blujus.
0:06 of 1st overtime period - Wrist shot by Daultan Leveillé.
0:06 of 1st overtime period - Shot Blocked by Keegan Lowe.
0:50 of 1st overtime period - Snap shot by Jake Evans.
0:50 of 1st overtime period - Shot Misses the Net.
1:16 of 1st overtime period - Wrist shot by Zemgus Girgensons.
1:16 of 1st overtime period - Stopped by Alexandar Georgiev with a rebound.
1:22 of 1st overtime period - Philippe Myers is hit by Nicholas Baptiste and loses puck.
2:30 of 1st overtime period - Jonathan Ferland is hit by Andy Andreoff and loses puck.
2:39 of 1st overtime period - Nicholas Baptiste is hit by Joonas Lyytinen and loses puck.
2:54 of 1st overtime period - Max Domi is hit by Zemgus Girgensons.
3:39 of 1st overtime period - Zach Werenski is hit by Zemgus Girgensons and loses puck.
Goals for this period are 0 for Senators vs 0 for Monarchs .
Shots for this period are 1 for Senators vs 0 for Monarchs .
ShootOut
5:00 of 1st overtime period - Round #1.
5:00 of 1st overtime period - Senators, Jonathan Ferland.
5:00 of 1st overtime period - Wrist shot by Jonathan Ferland.
5:00 of 1st overtime period - Stopped by Alexandar Georgiev.
5:00 of 1st overtime period - Monarchs , Travis Konecny.
5:00 of 1st overtime period - Wrist shot by Travis Konecny.
5:00 of 1st overtime period - Shot Misses the Net.
5:00 of 1st overtime period - Round #2.
5:00 of 1st overtime period - Senators, Nick Foligno.
5:00 of 1st overtime period - Wrist shot by Nick Foligno.
5:00 of 1st overtime period - Goal by Nick Foligno.
5:00 of 1st overtime period - Monarchs , Mikko Rantanen.
5:00 of 1st overtime period - Backhand shot by Mikko Rantanen.
5:00 of 1st overtime period - Stopped by Justin Peters.
5:00 of 1st overtime period - Round #3.
5:00 of 1st overtime period - Senators, Tomas Jurco.
5:00 of 1st overtime period - Wrist shot by Tomas Jurco.
5:00 of 1st overtime period - Goal by Tomas Jurco.